 Dungeon Crawl Stone Soup version 0.31.0-11-ge490571c62 (webtiles) character file.

Game seed: 5465887967216429760

184 qw the Ducker (level 5, 0/26 HPs)
             Began as a Spriggan Hunter on Feb 3, 2024.
             Slain by an orc priest
             ... wielding a +0 club
              (3 damage)
             ... on level 3 of the Dungeon.
             The game lasted 00:00:06 (1883 turns).

qw the Ducker (Spriggan Hunter)                     Turns: 1883, Time: 00:00:06

Health: 0/26       AC:  2    Str:  7    XL:     5   Next: 36%
Magic:  6/6        EV: 21    Int: 11    God:
Gold:   202        SH:  0    Dex: 20    Spells: 4/4 levels left

rFire   . . .        a - +0 shortbow (flame)
rCold   . . .        (shield currently unavailable)
rNeg    . . .        c - +0 robe
rPois   +            (helmet restricted)
rElec   .            (no cloak)
rCorr   .            (gloves unavailable)
SInv    +            (boots unavailable)
Will    .....        d - amulet of the acrobat
Stlth   ++           b - ring of poison resistance
HPRegen 0.24/turn    (no ring)
MPRegen 0.10/turn

%: acrobat
@: very quick
A: very small, no large weapons, unfitting armour, see invisible, speed 3
a: no special abilities


You were on level 3 of the Dungeon.
You visited 1 branch of the dungeon, and saw 3 of its levels.

You collected 202 gold pieces.


Innate Abilities, Weirdness & Mutations

You are very small and have problems with some larger weapons.
You are too small for most types of armour.
You have supernaturally acute eyesight. (SInv)
You cover ground extremely quickly. (Speed+++)


   Skills:
 - Level 2.0 Fighting
 + Level 5.1 Ranged Weapons
 - Level 5.8 Dodging
 - Level 1.5 Stealth


You had 4 spell levels left.
You didn't know any spells.
Your spell library was empty.

Inventory:

Hand Weapons
 a - a +0 shortbow of flaming (weapon)
Armour
 c - a +0 robe (worn)
Jewellery
 b - a ring of poison resistance (left hand)
 d - an amulet of the acrobat (around neck)
 f - a ring of protection from cold
Scrolls
 l - a scroll of fear {unknown}
Potions
 e - a potion of resistance
 g - 2 potions of attraction {unknown}
 h - a potion of might {unknown}
 i - a potion of ambrosia {unknown}
 j - a potion of degeneration {unknown}
 k - a potion of curing {unknown}

Dungeon Overview and Level Annotations

Branches:
Dungeon (3/15)

Altars:


Message History

Ouch! That really hurt!
You start resting.
An orc is nearby!
1874 ||| FLEEEEING.
You shoot an arrow. The arrow hits the orc.
The arrow burns the orc.
The orc is moderately wounded.
You shoot an arrow. The arrow hits the orc!
The arrow burns the orc.
You kill the orc!
You shoot an arrow. The orc shouts!
The arrow hits the orc priest.
The arrow burns the orc priest.
The orc priest is moderately wounded.
The orc priest hits the plant with a +0 club.
The plant begins to die.
The orc priest looks satisfied for a moment.
The orc priest invokes the aid of Beogh against you.
Beogh smites you!
Ouch! That really hurt!
The orc wizard casts a spell.
The orc wizard flickers and vanishes for a moment.
You shoot an arrow. The arrow hits the orc priest.
The arrow burns the orc priest.
The orc priest is severely wounded.
The orc priest hits the plant with a +0 club.
You shoot an arrow.
The arrow hits the orc priest but does no damage.
The orc priest is severely wounded.
A nearby plant withers and dies.
You shoot an arrow.
The arrow hits the orc priest but does no damage.
The orc priest is heavily wounded.
The orc priest completely misses you. The orc priest closely misses you.
You shoot an arrow.
The arrow hits the orc priest but does no damage.
The orc priest is heavily wounded.
The orc priest misses you.
You shoot an arrow.
The arrow closely misses the orc priest.
The orc priest hits you with a +0 club.
You die...

##....#.PP~~
#####..##...~~~P
######......##..PP777
#...........##.PP~~7
#...###.).....##.P.P~7
. ##.........~~~77
###......#....P~
#oo.o....#....P~~
#@####.##..... #o7
#........ #.. #.....
#... .... 7.... ...
..~~.. ## .7~~~~.
..... #. .~7~~~..
.....###. ..P.~~7~P
.....##..


You could see 2 orc priests, an orc wizard (invisible) and an orc.

Vanquished Creatures
  An ogre (D:3)
  An iguana (D:3)
  An adder (D:3)
  2 dart slugs
  3 ribbon worms
  2 orcs (D:3)
  2 bats (D:1)
  6 endoplasms
  6 giant cockroaches
  5 goblins
  4 hobgoblins
  2 quokkas
  6 ball pythons
  3 frilled lizards
  4 kobolds
  3 rats
51 creatures vanquished.

Notes
Turn   | Place    | Note
-------+----------+-------------------------------------------
     0 | D:1      | qw the Spriggan Hunter began the quest for the Orb.
     0 | D:1      | Reached XP level 1. HP: 10/10 MP: 2/2
     0 | D:1      | 0 ||| qw: Version: 0.3-a-157-g843a77d
     0 | D:1      | 0 ||| qw: Game counter: 3854
     0 | D:1      | 0 ||| qw: Melee chars always use a shield: true
     0 | D:1      | 0 ||| qw: God list: Okawaru
     0 | D:1      | 0 ||| qw: Allow faded altars: false
     0 | D:1      | 0 ||| qw: Do Orc after clearing Dungeon:15 true
     0 | D:1      | 0 ||| qw: Do second Lair branch before Depths: true
     0 | D:1      | 0 ||| qw: Lair rune preference: random
     0 | D:1      | 0 ||| qw: Goals: Normal
     0 | D:1      | 0 ||| PLANNING D:1-11
    40 | D:1      | Reached skill level 3 in Dodging
    78 | D:1      | Reached XP level 2. HP: 8/14 MP: 3/3
   338 | D:1      | Found a faded altar of an unknown god.
   408 | D:1      | Reached XP level 3. HP: 16/18 MP: 4/4
   628 | D:1      | 628 ||| READING scroll labelled ZEIDOEDIMAI.
   628 | D:1      | 628 ||| BRANDING +0 shortbow.
   629 | D:1      | 629 ||| READING 2 scrolls labelled VUIJIRGH VIGUOT.
   730 | D:1      | 730 ||| READING scroll labelled SARIHIFUFO.
   730 | D:1      | 730 ||| IDENTIFYING glowing coppery potion
   731 | D:1      | 731 ||| DROPPING scroll of butterflies.
   732 | D:1      | 732 ||| DROPPING scroll of vulnerability.
  1521 | D:2      | 1521 ||| UPGRADING to amulet of the acrobat.
  1526 | D:2      | 1526 ||| UPGRADING to ring of poison resistance.
  1571 | D:3      | Noticed an ogre
  1576 | D:3      | Killed an ogre
  1577 | D:3      | Reached XP level 4. HP: 22/22 MP: 5/5
  1577 | D:3      | Reached XP level 5. HP: 25/25 MP: 6/6
  1874 | D:3      | 1874 ||| FLEEEEING.
  1878 | D:3      | HP: 2/26 [orc priest/divine providence (13)]
  1883 | D:3      | Slain by an orc priest

Levels and vault maps discovered:
D:1:      dpeg_arrival_shelter, layout_loops_ring, ebering_ecumenical_altar_mist
D:2:      layout_basic, nicolae_figureground_pulse
D:3:      layout_rooms, serial_bayou, serial_bayou_lagoon_b,
          serial_bayou_pond_a, serial_bayou_pond_c, serial_bayou_pond_a,
          serial_bayou_shore_b, serial_bayou_shore_b, hex_medium

Skill      XL: |  1  2  3  4  5 |
---------------+----------------+-----
Dodging        | 3 4 5 |  5.8
Ranged Weapons | 5 |  5.1
Fighting       | 2 |  2.0
Stealth        | |  1.5

Action                     |  1- 3 |  4- 6 || total
---------------------------+-------+-------++-------
   Fire: Shortbow          |   103 |    22 ||   125
    Use: Scroll            |     3 |       ||     3
 Armour: Robe              |    12 |     1 ||    13
  Dodge: Dodged            |    30 |     4 ||    34

Table legend:
 A = Non-vault XP
 B = Vault XP
 C = Vault XP percentage of total XP
 D = Non-vault monster count
 E = Vault monster count
 F = Vault count percentage of total count
                 A         B        C        D         E       F
            +---------+---------+-------+---------+---------+-------
      Total |     264 |       0 |   0.0 |      51 |       0 |   0.0
            +---------+---------+-------+---------+---------+-------
        D:1 |      41 |       0 |   0.0 |      23 |       0 |   0.0
        D:2 |      29 |       0 |   0.0 |      15 |       0 |   0.0
        D:3 |     194 |       0 |   0.0 |      13 |       0 |   0.0
            +---------+---------+-------+---------+---------+-------
